 Dungeon Crawl Stone Soup version 0.20.1-1-g8b1a95d (webtiles) character file.

342 McKennaii the Insei (level 6, -4/38 HPs)
             Began as an Octopode Transmuter on Aug 13, 2017.
             Slain by Sharkie's ghost (14 damage)
             ... on level 3 of the Dungeon.
             The game lasted 00:06:45 (4663 turns).

McKennaii the Insei (Octopode Transmuter)           Turns: 4663, Time: 00:06:45

Health: -4/38      AC:  1    Str:  9    XL:     6   Next: 57%
Magic:  9/9        EV: 14    Int: 17    God:
Gold:   265        SH:  0    Dex: 13    Spells: 3/9 levels left

rFire    . . .     SeeInvis .     - Unarmed
rCold    . . .     Gourm    .   (no shield)
rNeg     . . .     Faith    .   (helmet restricted)
rPois    +         Spirit   .   (no amulet)
rElec    .         Reflect  .   r - ring of poison resistance
rCorr    .         Harm     .   s - ring of flight
MR       .....                  (no ring)
Stlth    +++.......             (no ring)
Regen    0.2/turn               (no ring)
MPRegen  0.2/turn               (no ring)
                                (no ring)
                                (no ring)

@: no status effects
A: almost no armour, stealthy swim, amphibious, 8 rings, constrict 8, camouflage
1, gelatinous body 1
a: Evoke Flight


You were on level 3 of the Dungeon.
You were very hungry.

You visited 1 branch of the dungeon, and saw 4 of its levels.

You collected 265 gold pieces.

Inventory:

Missiles
 a - 12 arrows
Jewellery
 r - a ring of poison resistance (left tentacle)
 s - a ring of flight (right tentacle)
Scrolls
 g - a scroll of magic mapping {unknown}
 i - a scroll of enchant weapon {unknown}
 m - a scroll of blinking {unknown}
 n - a scroll of teleportation {unknown}
 o - a scroll of identify {unknown}
 p - 2 scrolls of remove curse {unknown}
Potions
 d - a potion of haste {unknown}
 e - a potion of cancellation {unknown}
 h - a potion of flight {unknown}
 j - a potion of heal wounds {unknown}
 q - 2 potions of mutation {unknown}
 t - a potion of curing {unknown}
Books
 b - a book of Changes

   Spells                             Type                      Level
   a - Beastly Appendage              Transmutation                1
   b - Sticks to Snakes               Transmutation                2
   c - Spider Form                    Transmutation/Poison         3
   d - Ice Form                       Ice/Transmutation            4
   e - Blade Hands                    Transmutation                5
Comestibles
 c - 5 bread rations
 f - 3 meat rations
 k - 6 fruits
 l - a royal jelly


   Skills:
 + Level 1.5 Fighting
 + Level 3.0 Dodging
 * Level 3.7 Stealth
 * Level 5.4 Unarmed Combat
 + Level 2.1 Spellcasting
 * Level 3.0 Transmutations


You had 3 spell levels left.
You knew the following spells:

 Your Spells              Type           Power        Failure   Level  Hunger
a - Beastly Appendage     Tmut           ##....       5%          1    #......
b - Sticks to Snakes      Tmut           ##......     9%          2    ###....
c - Spider Form           Tmut/Pois      #.........   30%         3    ###....


Dungeon Overview and Level Annotations

Branches:
Dungeon (4/15)
 Temple: D:4-7

Altars:
Kikubaaqudgha

Annotations:
D:3 Sharkie's ghost, amateur MiFi


Innate Abilities, Weirdness & Mutations

You cannot wear most types of armour.
You are very stealthy in the water. (Stealth+)
You are amphibious.
You can wear up to eight rings at the same time.
You can use your tentacles to constrict eight enemies at once.
Your skin changes colour to match your surroundings (Stealth+).
Your rubbery body absorbs attacks. (AC +1, EV +1)


Message History

You kill the ooze!
Sharkie's ghost closely misses you.
You tentacle-slap Sharkie's ghost.
Sharkie's ghost is lightly damaged.
Sharkie's ghost misses you.
You tentacle-slap Sharkie's ghost.
Sharkie's ghost is lightly damaged.
You tentacle-slap Sharkie's ghost but do no damage.
You tentacle-slap Sharkie's ghost, but do no damage.
Sharkie's ghost is lightly damaged.
Sharkie's ghost hits you!
* * * LOW HITPOINT WARNING * * *
You are too injured to fight recklessly!
Sharkie's ghost says, "You can hit me, but you can't hurt me."
Sharkie's ghost barely misses you.
You see here a helmet.
Unknown command.
There is a stone staircase leading down here.
Sharkie's ghost hits you!
You die...

.≈≈≈≈≈≈≈≈≈≈≈≈≈≈≈≈≈≈≈≈≈≈≈#####≈≈≈≈
..≈≈≈≈≈≈≈≈≈≈≈≈≈≈≈≈≈≈≈≈≈≈≈≈≈≈ ≈≈≈≈
.)≈≈≈≈≈≈≈≈≈≈≈≈≈≈≈≈≈≈≈≈≈≈≈≈≈≈ ≈≈≈≈
)≈.≈.≈≈≈...≈≈≈.≈.≈≈.≈.≈≈≈≈≈. ..≈.
)(..............!........). ....
.((....[................... ....
##.##################..#### #.##
#..######........####.## #...
...............W@......# ###
###........##.########.#
..########)#....... #.# P.######
#))..##### #.# ..P#...#
#.)....... #.# .÷.#...#
#....)###. #.# #P.†...#
#.....###.# #.# .......#
#.#.......# #.# ########
#.#...#####.#.#


You could see Sharkie's ghost.

Vanquished Creatures
  A big kobold (D:3)
  3 gnolls (D:3)
  5 adders
  5 oozes
  2 worms (D:2)
  3 dart slugs
  4 leopard geckos
  4 orcs (D:3)
  2 bat zombies (D:2)
  4 giant cockroaches
  34 goblins
  35 hobgoblins
  15 kobolds
  3 quokkas
  3 ball pythons
  4 bats
  12 frilled lizards
  5 rats
  3 rat zombies (D:2)
147 creatures vanquished.

Notes
Turn   | Place    | Note
-------+----------+-------------------------------------------
     0 | D:1      | McKennaii the Octopode Transmuter began the quest for the Orb.
     0 | D:1      | Reached XP level 1. HP: 13/13 MP: 3/3
    41 | D:1      | Reached XP level 2. HP: 9/18 MP: 5/5
   601 | D:1      | Reached XP level 3. HP: 9/23 MP: 6/6
   927 | D:1      | Reached skill level 1 in Stealth
  1083 | D:2      | Reached skill level 4 in Unarmed Combat
  1378 | D:2      | Reached XP level 4. HP: 28/28 MP: 7/7
  1547 | D:2      | Found an ancient bone altar of Kikubaaqudgha.
  2297 | D:2      | Reached XP level 5. HP: 31/33 MP: 8/8
  2630 | D:3      | Noticed Sharkie's ghost (amateur MiFi)
  3865 | D:3      | Learned a level 2 spell: Sticks to Snakes
  3869 | D:3      | Learned a level 3 spell: Spider Form
  3936 | D:3      | Noticed a big kobold
  3944 | D:3      | Killed a big kobold
  3944 | D:3      | Reached skill level 5 in Unarmed Combat
  3944 | D:3      | Reached XP level 6. HP: 36/38 MP: 7/9
  4663 | D:3      | Slain by Sharkie's ghost

Skill      XL: |  1  2  3  4  5  6 |
---------------+-------------------+-----
Stealth        | 1 2 3 |  3.7
Unarmed Combat | 4 5 |  5.4
Dodging        | 3 |  3.0
Transmutations | 3 |  3.0
Fighting       | |  1.5
Spellcasting   | |  2.1

Action                   |  1- 3 |  4- 6 || total
-------------------------+-------+-------++-------
Melee: Unarmed           |    83 |   255 ||   338
       Constrict         |    23 |    67 ||    90
       Tentacles         |    11 |    31 ||    42
       Punch             |     1 |     5 ||     6
       Kick              |       |    12 ||    12
 Cast: Beastly Appendage |       |     3 ||     3
       Spider Form       |       |     1 ||     1
 Stab: Sleeping          |     3 |    10 ||    13
       Distracted        |       |     1 ||     1
  Eat: Chunk             |     1 |    10 ||    11
Armor: Skin              |    10 |    21 ||    31
Dodge: Dodged            |    48 |   187 ||   235
